 Dungeon Crawl Stone Soup version 0.27-a0-412-g8dd771eca2 (webtiles) character file.

Game seed: 9073978971663781393

24014 Morbidden the Grappler (level 12, -6/118 HPs)
             Began as a Troll Air Elementalist on Feb 24, 2021.
             Was the Champion of Cheibriados.
             Mangled by a skeletal warrior
             ... wielding a +0 halberd
             ... led by a skeletal warrior
              (14 damage)
             ... on level 14 of the Dungeon.
             The game lasted 00:26:30 (14155 turns).

Morbidden the Grappler (Troll Air Elementalist)    Turns: 14155, Time: 00:26:31

Health: -6/118     AC: 11    Str: 34    XL:     12   Next: 76%
Magic:  0/18       EV: 14    Int: 30    God:    Cheibriados [******]
Gold:   165        SH:  0    Dex: 25    Spells: 13/21 levels left

rFire    . . .     SeeInvis .     - Unarmed
rCold    . . .     Faith    .   (no shield)
rNeg     . . .     Spirit   +   q - +0 robe
rPois    .         Reflect  .   (helmet restricted)
rElec    .         Harm     .   f - +2 cloak {rCorr}
rCorr    +         Rampage  .   (gloves unavailable)
Will     .....                  (boots unavailable)
Stlth    +++.......             S - amulet of guardian spirit
HPRegen  1.29/turn              A - +4 ring of slaying
MPRegen  0.16/turn              G - +4 ring of protection

@: very slow
A: large, unfitting armour, claws 3, regeneration 1, shaggy fur 1, tough skin 1
a: Renounce Religion, Bend Time, Temporal Distortion, Slouch, Step From Time


You were on level 14 of the Dungeon.
You worshipped Cheibriados.
Cheibriados was exalted by your worship.
You visited 2 branches of the dungeon, and saw 15 of its levels.

You collected 965 gold pieces.
You spent 800 gold pieces at shops.

Inventory:

Hand Weapons
 a - a +4 fustibalus
 P - a +3 scimitar of flaming
Missiles
 h - 7 curare-tipped darts (quivered)
 m - 36 boomerangs
 p - 59 sling bullets
 w - 64 poisoned darts
 z - 18 large rocks
 K - 5 javelins
Armour
 f - a +2 cloak of preservation (worn)
 q - a +0 robe (worn)
Jewellery
 x - a ring of ice
 A - a +4 ring of slaying (left claw)
 B - a ring of flight
 G - a +4 ring of protection (right claw)
 L - a ring of poison resistance
 R - a ring of positive energy
 S - an amulet of guardian spirit (around neck)
Wands
 u - a wand of digging (9)
 F - a wand of mindburst (17)
 J - a wand of flame (13)
 Q - a wand of polymorph (6)
Scrolls
 c - a scroll of magic mapping
 d - 2 scrolls of noise
 k - 2 scrolls of teleportation
 o - a scroll of blinking
 t - 17 scrolls of identify
 y - 3 scrolls of fog
 D - 3 scrolls of enchant armour
 H - a scroll of amnesia
Potions
 b - 2 potions of magic {unknown}
 e - a potion of cancellation {unknown}
 g - 6 potions of curing
 i - 3 potions of ambrosia
 j - 4 potions of attraction {unknown}
 l - 4 potions of lignification
 n - 2 potions of degeneration {unknown}
 r - a potion of might
 s - a potion of invisibility {unknown}
 v - 2 potions of mutation {unknown}
 C - 2 potions of brilliance {unknown}
 E - 4 potions of haste {unknown}
 N - a potion of flight {unknown}
 O - 2 potions of heal wounds
Miscellaneous
 M - a box of beasts


   Skills:
 * Level 7.4 Fighting
 + Level 4.0(4.8) Slings
 * Level 5.0(6.2) Throwing
 + Level 4.7 Dodging
 + Level 2.5 Stealth
 + Level 1.1 Shields
 + Level 8.0 Unarmed Combat
 * Level 5.3 Spellcasting
 * Level 5.7 Conjurations
 * Level 6.0 Air Magic
 * Level 4.9 Invocations
 + Level 0.2 Evocations


You had 13 spell levels left.
You knew the following spells:

 Your Spells              Type           Power        Failure   Level
a - Airstrike             Air            22%          4%          4
b - Static Discharge      Conj/Air       43%          1%          3
c - Shock                 Conj/Air       100%         1%          1

Your spell library contained the following spells:

 Spells                   Type           Power        Failure   Level
 Swiftness                Air            44%          1%          2
 Stone Arrow              Conj/Erth      50%          5%          3
 Animate Skeleton         Necr           14%          6%          1
 Pain                     Necr           28%          6%          1
 Sandblast                Erth           14%          6%          1
 Passwall                 Tmut/Erth      5%           9%          2
 Lightning Bolt           Conj/Air       21%          14%         5
 Animate Dead             Necr           3%           50%         4
 Dispel Undead            Necr           7%           50%         4
 Petrify                  Tmut/Erth      7%           50%         4
 Lee's Rapid Deconstruct  Erth           3%           85%         5
 Simulacrum               Ice/Necr       3%           100%        6


Dungeon Overview and Level Annotations

Branches:
Dungeon (14/15)            Temple (1/1) D:7            Lair (0/6) D:9
    Orc (0/2) D:10
 Vaults: D:13-14

Altars:
Ashenzari
Cheibriados
Dithmenos
Elyvilon
Fedhas
Gozag
Hepliaklqana
Kikubaaqudgha
Makhleb
Nemelex Xobeh
Okawaru
Qazlal
Ru
Sif Muna
Trog
Vehumet
Wu Jian
Xom
Yredelemnul
Zin

Shops:
D:8 *   D:9 *   D:14 ?

Annotations:
D:11 Erolcha


Innate Abilities, Weirdness & Mutations

You are too large for most types of armour.
You have claws for hands.
Your natural rate of healing is unusually fast.
You are covered in fur. (AC +1)
You have tough skin. (AC +1)


Message History

There is an open door here.
There is an open door here.
You see here a buckler.
There is an open door here.
Found a stone staircase leading down.
A skeletal warrior comes into view. It is wielding a +0 long sword.
You are now empty-clawed.
a - a +4 fustibalus (weapon)
No target in view! 2 skeletal warriors come into view.
A skeletal warrior comes into view. It is wielding a +0 halberd.
There is an open door here.
You shoot a sling bullet.
The sling bullet hits the skeletal warrior but does no damage.
Unknown command.
Unknown command.
You are now empty-clawed.
The skeletal warrior hits you with a +0 hand axe!
You claw the skeletal warrior!
The skeletal warrior is lightly damaged.
The skeletal warrior hits you with a +0 hand axe!!
No target in view!
Okay, then.
You closely miss the skeletal warrior.
The skeletal warrior hits you with a +0 mace!
You claw the skeletal warrior!
The skeletal warrior is lightly damaged.
The skeletal warrior hits you with a +0 mace!!
The skeletal warrior hits you with a +0 mace!!
The skeletal warrior hits you but does no damage.
The skeletal warrior closely misses you.
The skeletal warrior hits you from afar with a +0 halberd!
The skeletal warrior hits you with a +0 hand axe!!
* * * LOW HITPOINT WARNING * * *
The skeletal warrior hits you with a +0 mace.
* * * LOW HITPOINT WARNING * * *
The skeletal warrior hits you with a +0 hand axe!!
* * * LOW HITPOINT WARNING * * *
The skeletal warrior hits you from afar with a +0 halberd!
You die...

#####......############......'[..
...........# ########...
...##......# #... ....^......#
#... ######'##### #... ##.# ##'#
#..# #.. ###'####### ##########
### #....(....# #@.......# #
+.........# #zz......# #
#.....z.z.####z.......# #
#.....z...'.##........# #
#.........#z##........### #
#...z.....#.z#..........### #
#.........##.#........#...#####
#.........##..........###......
#.........####........# #######


You could see 3 skeletal warriors.

Vanquished Creatures
  A boulder beetle (D:13)
  A hydra (D:13)
  A death knight (D:12)
  A centaur warrior (D:14)
  3 two-headed ogres
  Urug (D:13)
  A skeletal warrior (D:14)
  An unseen horror (D:13)
  2 wizards (D:14)
  A wolf spider zombie (D:14)
  A deep elf pyromancer (D:14)
  3 cyclopes
  A manticore (D:12)
  Maurice (D:11)
  2 slime creatures (D:12)
  Psyche (D:11)
  2 efreet
  2 tengu conjurers (D:13)
  2 trolls
  A spriggan (shapeshifter) (D:14)
  A wyvern (D:14)
  2 wraiths
  13 yaks
  Grum (D:8)
  A steam dragon (D:7)
  An acid dragon (D:11)
  2 water moccasins
  6 orc warriors
  2 black bears
  2 ice beasts
  2 sky beasts
  7 ogres
  4 wolves (D:8)
  4 necrophages
  7 centaurs
  A phantom (D:14)
  10 bullfrogs
  2 kobold brigands
  2 wyvern skeletons
  5 scorpions
  16 killer bees
  4 howler monkeys
  13 wights
  3 bullfrog zombies
  5 centaur skeletons
  2 centaur zombies
  5 hounds
  3 jellies
  8 orc priests
  3 bullfrog skeletons
  Natasha (D:3)
  5 iguanas
  21 orc wizards
  12 worker ants
  2 killer bee zombies
  A hound zombie (D:8)
  A howler monkey zombie (D:8)
  A gnoll (D:1)
  12 adders
  3 shadow imps
  2 white imps
  3 oozes
  2 adder skeletons
  An adder zombie (D:5)
  7 worms
  6 dart slugs
  3 leopard geckos
  70 orcs
  4 ball pythons
  3 giant cockroaches
  9 hobgoblins
  15 jackals
  6 quokkas
  10 bats
  6 frilled lizards
  12 goblins
  A jackal skeleton (D:6)
  15 kobolds
  5 rats
405 creatures vanquished.

Vanquished Creatures (collateral kills)
  A yak (D:13)
  An eye of draining (D:13)
2 creatures vanquished.

Vanquished Creatures (others)
  2 plants (D:1)
2 creatures vanquished.

Grand Total: 409 creatures vanquished

Notes
Turn   | Place    | Note
-------+----------+-------------------------------------------
     0 | D:1      | Morbidden the Troll Air Elementalist began the quest for
                  | the Orb.
     0 | D:1      | Reached XP level 1. HP: 16/16 MP: 1/1
   141 | D:1      | Reached XP level 2. HP: 26/26 MP: 3/3
   434 | D:1      | Reached XP level 3. HP: 29/32 MP: 4/4
   439 | D:1      | Reached skill level 1 in Fighting
   893 | D:2      | Reached skill level 1 in Unarmed Combat
   979 | D:2      | Reached XP level 4. HP: 41/41 MP: 5/5
  1248 | D:2      | Found a broken altar of Ashenzari.
  1250 | D:2      | Reached skill level 1 in Conjurations
  1548 | D:2      | Learned a level 3 spell: Static Discharge
  1609 | D:3      | Reached XP level 5. HP: 47/48 MP: 6/6
  1623 | D:3      | Reached skill level 2 in Unarmed Combat
  1766 | D:3      | Reached skill level 3 in Unarmed Combat
  1770 | D:3      | Reached XP level 6. HP: 48/57 MP: 7/7
  2268 | D:3      | Noticed Natasha
  2279 | D:3      | Killed Natasha
  2676 | D:4      | Noticed a moth of wrath
  2679 | D:4      | Found a bloodstained altar of Trog.
  2865 | D:4      | Reached XP level 7. HP: 28/65 MP: 7/9
  3114 | D:4      | Found an opulent altar of Gozag.
  3442 | D:4      | Reached skill level 1 in Slings
  3816 | D:5      | Entered Level 5 of the Dungeon
  3903 | D:5      | Found a basalt altar of Yredelemnul.
  4222 | D:5      | Reached skill level 4 in Unarmed Combat
  4339 | D:5      | Found a shadowy altar of Dithmenos.
  4738 | D:6      | Reached XP level 8. HP: 74/74 MP: 8/10
  4829 | D:6      | Found a white marble altar of Elyvilon.
  4984 | D:6      | Found an ornate altar of the Wu Jian Council.
  5318 | D:7      | Reached skill level 5 in Unarmed Combat
  5356 | D:7      | Got a bone dagger
  5357 | D:7      | Identified the +3 dagger of Amixiax {vorpal, MP+9 Int+4}
                  | (You found it on level 7 of the Dungeon)
  5715 | D:7      | Found a shimmering altar of Xom.
  5716 | D:7      | Found a hazy altar of Hepliaklqana.
  5717 | D:7      | Noticed a spectral ugly thing
  5842 | D:7      | Found a staircase to the Ecumenical Temple.
  5867 | D:7      | Reached XP level 9. HP: 83/83 MP: 12/12
  5907 | Temple   | Entered the Ecumenical Temple
  6073 | Temple   | Became a worshipper of Cheibriados the Contemplative
  6637 | D:8      | Reached skill level 6 in Unarmed Combat
  6646 | D:8      | Reached skill level 1 in Throwing
  6763 | D:8      | Found Huuvonan's General Store.
  6770 | D:8      | Bought 2 potions of curing for 84 gold pieces
  6770 | D:8      | Bought a scroll of blinking for 105 gold pieces
  6896 | D:8      | Noticed Grum
  6939 | D:8      | Killed Grum
  6953 | D:8      | Reached * piety under Cheibriados
  6959 | D:8      | HP: 3/84 [wolf[Grum] (10)]
  7265 | D:8      | Noticed a two-headed ogre
  7639 | D:8      | Identified a scroll of acquirement
  7639 | D:8      | Acquired a +4 fustibalus
  7810 | D:9      | Found a staircase to the Lair.
  7820 | D:9      | Acquired a +4 ring of slaying
  7883 | D:9      | Found a bloodstained altar of Trog.
  8157 | D:9      | Reached ** piety under Cheibriados
  8200 | D:9      | Reached skill level 7 in Unarmed Combat
  8312 | D:9      | Found Zesiagem's Serpentskin Sales.
  8321 | D:9      | Bought 5 curare-tipped darts for 39 gold pieces
  8345 | D:9      | Reached skill level 1 in Invocations
  8345 | D:9      | Reached XP level 10. HP: 58/94 MP: 14/14
  8475 | D:9      | Found a burning altar of Makhleb.
  8710 | D:10     | Entered Level 10 of the Dungeon
  8713 | D:10     | Reached *** piety under Cheibriados
  9116 | D:10     | Found a staircase to the Orcish Mines.
  9135 | D:10     | Reached skill level 5 in Fighting
  9277 | D:10     | Reached **** piety under Cheibriados
  9704 | D:11     | Identified the Grimoire of Sinister Magic
  9744 | D:11     | Noticed Psyche
  9748 | D:11     | Killed Psyche
 10021 | D:11     | Noticed Maurice
 10029 | D:11     | Killed Maurice
 10095 | D:11     | You fall into a shaft and drop 2 floors!
 10111 | D:13     | Noticed Urug
 10130 | D:13     | Killed Urug
 10131 | D:13     | Reached XP level 11. HP: 36/105 MP: 15/15
 10344 | D:13     | Noticed a seven-headed hydra
 10396 | D:13     | Reached ***** piety under Cheibriados
 10409 | D:13     | Noticed a boulder beetle
 10420 | D:13     | Reached skill level 5 in Air Magic
 11248 | D:12     | You fall into a shaft and drop 1 floor!
 11315 | D:13     | Noticed a two-headed ogre
 11330 | D:13     | Killed a two-headed ogre
 11360 | D:13     | Killed a boulder beetle
 11537 | D:13     | Killed an unseen horror
 11538 | D:13     | Reached skill level 5 in Conjurations
 11867 | D:13     | Killed a seven-headed hydra
 12085 | D:12     | Reached ****** piety under Cheibriados
 12141 | D:12     | Noticed a two-headed ogre
 12149 | D:12     | Killed a two-headed ogre
 12150 | D:12     | Reached XP level 12. HP: 93/115 MP: 17/17
 12527 | D:12     | Noticed a death knight
 12538 | D:12     | Killed a death knight
 12919 | D:11     | Learned a level 4 spell: Airstrike
 12936 | D:11     | Noticed Erolcha
 13148 | D:14     | Noticed a centaur warrior
 13164 | D:14     | Killed a centaur warrior
 13165 | D:14     | Reached skill level 1 in Shields
 13460 | D:14     | Reached skill level 5 in Spellcasting
 13860 | D:14     | Noticed a two-headed ogre
 13876 | D:14     | Killed a two-headed ogre
 13877 | D:14     | Reached skill level 5 in Throwing
 13952 | D:14     | Found Ihale's Magic Scroll Boutique.
 13960 | D:14     | Bought a scroll of acquirement for 572 gold pieces
 13960 | D:14     | Acquired an amulet of guardian spirit
 14062 | D:14     | Reached skill level 8 in Unarmed Combat
 14155 | D:14     | Mangled by a skeletal warrior

Illustrated notes

Levels and vault maps discovered:
D:1:      wander_arrival_fairy_ring, layout_basic
D:2:      layout_basic, ashenzari_altar_1
D:3:      layout_loops_ring, minmay_misc_feat_diagonals, uniq_natasha
D:4:      layout_layer_cave, tgw_trog,
          nicolae_gozag_cash_rules_everything_around_me, minmay_fountain_box
D:5:      layout_basic, kennysheep_mini_moat, grunt_dithmenos_smoke
D:6:      layout_rooms, kennysheep_little_box, elyvilon_altar_3
D:7:      layout_loops_ring, regret_index_temple_of_mockery,
          minmay_temple_entry_statues_pillars
D:8:      layout_basic, serial_shops, kennysheep_mini,
          minmay_misc_feat_ornament, uniq_grum
D:9:      kennysheep_spiral_hall, layout_cave_pods,
          nicolae_overflow_crystal_walls, lair_entry_dummy, basic_altar,
          guppyfry_shop_venom
D:10:     layout_cave_pools, david_orc_2, minmay_starry_boxes
D:11:     layout_basic, uniq_erolcha, uniq_maurice, uniq_psyche
D:12:     layout_gridville
D:13:     layout_loops_cross, uniq_urug
D:14:     layout_roguey, david_vaults_4, small_statue_alley_a, serial_shops,
          shop
Temple:   hc_temple_tempest_star

Skill      XL: |  1  2  3  4  5  6  7  8  9 10 11 12 |
---------------+-------------------------------------+-----
Fighting       | 1 2 3 4 5 6 7 |  7.4
Unarmed Combat | 1 3 4 5 7 8 |  8.0
Conjurations   | 1 2 3 4 5 |  5.7
Dodging        | 2 3 4 |  4.7
Spellcasting   | 2 3 4 5 |  5.3
Slings         | 1 3 4 |  4.0
Air Magic      | 3 4 5 6 |  6.0
Stealth        | 2 |  2.5
Throwing       | 1 3 4 5 |  5.0
Invocations    | 1 2 4 |  4.9
Shields        | 1 |  1.1
Evocations     | |  0.2

Action                   |  1- 3 |  4- 6 |  7- 9 | 10-12 || total
-------------------------+-------+-------+-------+-------++-------
Melee: Unarmed           |   126 |   306 |   300 |   137 ||   869
       Punch             |       |     4 |     7 |    16 ||    27
       Hunting sling     |       |       |     1 |       ||     1
       Fustibalus        |       |       |       |     1 ||     1
 Fire: Hunting sling     |       |    31 |    31 |       ||    62
       Fustibalus        |       |       |    69 |   387 ||   456
Throw: Boomerang         |       |     5 |     1 |       ||     6
       Dart              |       |       |    20 |    11 ||    31
 Cast: Shock             |       |       |    40 |    17 ||    57
       Static Discharge  |       |       |       |     7 ||     7
       Airstrike         |       |       |       |    23 ||    23
Evoke: Wand              |       |       |       |     8 ||     8
       Box of beasts     |       |       |       |     1 ||     1
  Use: Scroll            |       |       |    13 |     4 ||    17
       Potion            |       |       |     5 |     3 ||     8
 Stab: Sleeping          |     1 |     1 |     5 |     1 ||     8
       Distracted        |       |       |     1 |     1 ||     2
Armor: Robe              |    53 |    91 |    75 |   168 ||   387
       Skin              |       |       |       |     1 ||     1
Dodge: Dodged            |    60 |   132 |   187 |   178 ||   557
Block: Other             |       |       |       |    51 ||    51
       Reflection        |       |       |       |     3 ||     3

Table legend: (Time is in decaauts)
 A = Elapsed time spent in this place.
 B = Non-inter-level travel time spent in this place.
 C = Inter-level travel time spent in this place.
 D = Time resting spent in this place.
 E = Time spent auto-exploring this place.
 F = Levels seen in this place.
 G = Mean time per level.
                   A        B        C        D        E       F      G
               +--------+--------+--------+--------+--------+-----+--------+
         Total |  17652 |  16718 |    934 |    704 |  12806 |  15 | 1176.8 |
       Dungeon |  17457 |  16578 |    879 |    704 |  12672 |  14 | 1246.9 |
        Temple |    194 |    139 |     55 |      0 |    134 |   1 |  194.0 |
               +--------+--------+--------+--------+--------+-----+--------+

Top non-repeatable levels by time:
    D:13: 2021 daAuts
    D:12: 1997 daAuts
     D:8: 1642 daAuts
    D:11: 1542 daAuts
    D:14: 1495 daAuts
     D:9: 1270 daAuts
    D:10: 1214 daAuts
     D:4: 1197 daAuts
     D:3: 1040 daAuts
     D:7: 1039 daAuts
     D:1: 821 daAuts
     D:2: 745 daAuts
     D:5: 736 daAuts
     D:6: 693 daAuts
  Temple: 194 daAuts
